Map: Galactic Process LE

Players

hinO

  • Race: Zerg Zerg
  • League: Master
  • Spawn Location: 7:00

Christoss

  • Race: Zerg Zerg
  • League: Diamond
  • Spawn Location: 1:00

Amix

  • Race: Terran Terran
  • League: Platinum

GCböseronkel

  • Race: Terran Terran
  • League: Diamond

VOD

Have the link to the VOD?

Description

Time

  • Played on: Nov. 15, 2016, 2 p.m.
  • Length: 5:51
Show
View Real Time Build Order
Export as new Build Order

hinO Zerg 

Build Orders: Hatch First 

Get SALT Encoding   

  12  0:01  Drone  
  13  0:08  Drone  
  14  0:16  Overlord  
  14  0:22  Extractor  
  14  0:24  Drone  
  15  0:35  Drone x2  
  17  0:54  Hatchery  
  17  0:56  Drone  
  17  1:00  Extractor  
  17  1:02  Drone  
  17  1:21  Spawning Pool  
  17  1:23  Drone  
  17  1:24  Drone  
  18  1:31  Drone  
  19  1:38  Overlord  
  19  1:49  Drone  
  20  2:00  Drone  
  21  2:07  Metabolic Boost  
  21  2:08  Queen  
  21  2:11  Queen  
  21  2:15  Drone  
  26  2:18  Drone  
  26  2:21  Drone  
  28  2:24  Drone  
  28  2:28  Zergling x2  
  30  2:33  Zergling x2  
  31  2:42  Drone, Spore Crawler  
  31  2:47  Spore Crawler  
  30  2:51  Pneumatized Carapace  
  30  2:54  Drone x3  
  35  2:58  Evolution Chamber  
  35  3:03  Zergling x2  
  35  3:05  Drone  
  35  3:10  Zergling x2  
  36  3:16  Overlord  
  35  3:21  Zergling x2  
  35  3:25  Zerg Melee Weapons Level 1  
  36  3:31  Zergling x2  
  37  3:34  Zergling x8  
  37  3:35  Overlord  
  37  3:37  Zergling x2  
  37  3:39  Queen  
  43  3:43  Zergling x2  
  43  3:47  Queen  
  44  3:53  Zergling x2  
  44  3:54  Zergling x2  
  46  3:58  Overlord  
  45  4:03  Zergling x2  
  45  4:07  Zergling x6  
  49  4:14  Zergling x2  
  49  4:15  Zergling x2  
  49  4:16  Queen  
  50  4:28  Zergling x4  
  52  4:48  Zergling x4  
  52  4:49  Zergling x10  
  59  5:02  Zergling x2  
  59  5:03  Overlord  
  60  5:13  Zergling x2  
  60  5:14  Overlord x2, Zergling x2  
  62  5:32  Zergling x12  
Show
View Real Time Build Order
Export as new Build Order

Christoss Zerg 

Build Orders:  

Get SALT Encoding   

  12  0:01  SCV  
  13  0:13  SCV  
  14  0:19  Supply Depot  
  14  0:25  SCV  
  15  0:41  Barracks, SCV  
  16  0:47  Refinery  
  16  0:53  SCV  
  17  1:05  SCV  
  17  1:07  Barracks  
  18  1:17  SCV  
  19  1:20  Barracks  
  19  1:26  Refinery  
  19  1:31  SCV  
  20  1:35  Reaper  
  21  1:47  Orbital Command  
  21  2:01  Reaper  
  21  2:07  Reaper  
  23  2:17  Reaper  
  23  2:18  Supply Depot  
  23  2:22  SCV  
  25  2:33  Reaper  
  25  2:34  SCV  
  27  2:39  Reaper  
  28  2:46  SCV  
  28  2:49  Reaper  
  31  3:05  Reaper  
  31  3:07  Command Center  
  31  3:11  Reaper  
  31  3:22  Reaper  
  32  3:31  Supply Depot  
  31  3:35  Engineering Bay  
  31  3:37  Reaper  
  32  3:42  SCV  
  32  3:43  Reaper  
  33  3:54  Reaper  
  34  4:09  Reaper  
  35  4:15  Reaper  
  35  4:16  Command Center  
  30  4:20  Orbital Command  
  30  4:29  Barracks Tech Lab  
  30  4:48  Bunker  
  30  4:49  Barracks Reactor, Bunker  
  30  4:50  Marine  
  30  4:52  Marine  
  32  5:08  Marine  
  32  5:10  Marine  
  34  5:15  Bunker  
  34  5:16  SCV x2  
  34  5:17  Bunker  
  36  5:26  Marine  
  36  5:27  Marine  
  36  5:28  Marine, SCV x2  
Show
View Real Time Build Order
Export as new Build Order

Amix Terran 

Build Orders:  

Get SALT Encoding   

Show
View Real Time Build Order
Export as new Build Order

GCböseronkel Terran 

Build Orders:  

Get SALT Encoding   

Tags
 
Add a new tag
Caveats
  • Supply blocks, unpowered buildings, or Contaminate may cause inaccurate times.
  • Supply counts are checked every 10 seconds.